 Dungeon Crawl Stone Soup version 0.27-a0-263-gc8dee61f84 (webtiles) character file.

Game seed: 4756209898633019697

15317 knot the Severer (level 12, 80/121 HPs)
             Began as a Demonspawn Berserker on Feb 5, 2021.
             Was an Elder of Trog.
             Quit the game on level 2 of the Lair of Beasts.
             The game lasted 00:24:27 (19304 turns).

knot the Severer (Demonspawn Berserker)            Turns: 19304, Time: 00:24:27

Health: 80/121     AC: 10    Str: 19    XL:     12   Next: 0%
Magic:  12/12      EV: 11    Int: 13    God:    Trog [****..]
Gold:   720        SH:  0    Dex: 14    Spells: 11/11 levels left

rFire    + . .     SeeInvis .   F - +5 war axe
rCold    + . .     Faith    .   (no shield)
rNeg     . . .     Spirit   +   L - +0 ring mail {rC+}
rPois    .         Reflect  .   R - +0 helmet (curse)
rElec    .         Harm     .   (no cloak)
rCorr    .         Rampage  .   (no gloves)
Will     .....                  (no boots)
Stlth    ..........             P - amulet of regeneration
HPRegen  0.70/turn              O - ring of stealth
MPRegen  0.26/turn              l - ring of the Cockatrice {+Inv rF+ AC+4}

@: berserking, mildly poisoned (80 -> 59), very quick
A: claws 2, thin skeletal structure 1, magic shield, magic regeneration
a: Renounce Religion, Evoke Invisibility, Berserk, Trog's Hand, Brothers in Arms


You were on level 2 of the Lair of Beasts.
You worshipped Trog.
Trog was greatly pleased with you.
You visited 3 branches of the dungeon, and saw 15 of its levels.

You collected 720 gold pieces.

Inventory:

Hand Weapons
 A - a +3 flail
 F - a +5 war axe (weapon)
 G - a +0 battleaxe
 M - a +3 trident
Missiles
 c - 4 throwing nets
 d - 216 stones (quivered)
 s - 43 sling bullets
 I - 10 boomerangs
 Q - 8 curare-tipped darts
Armour
 L - a +0 ring mail of cold resistance (worn)
 R - a cursed +0 helmet (worn)
Jewellery
 f - an uncursed ring of ice
 l - the ring of the Cockatrice (right claw) {+Inv rF+ AC+4}
   (You found it on level 8 of the Dungeon)

   [ring of protection]

   It affects your AC (+4).
   It protects you from fire.
   It lets you turn invisible.
 E - an uncursed amulet of magic regeneration
 H - an uncursed ring of flight
 K - an uncursed ring of resist corrosion
 O - a ring of stealth (left claw)
 P - an amulet of regeneration (around neck)
Wands
 k - a wand of iceblast (9)
 r - a wand of acid (1)
 y - a wand of polymorph (13)
 B - a wand of mindburst (18)
 J - a wand of charming (7)
Scrolls
 a - a scroll of fog
 g - 3 scrolls of teleportation
 h - 2 scrolls of magic mapping
 i - a scroll of random uselessness
 j - 3 scrolls of remove curse
 q - a scroll of amnesia
 t - 2 scrolls of immolation
 v - 2 scrolls of fear
 w - 2 scrolls of enchant weapon
 D - a scroll of silence {unknown}
Potions
 b - 2 potions of attraction
 e - 2 potions of heal wounds
 m - 2 potions of magic
 n - 4 potions of resistance
 o - 4 potions of flight
 p - 4 potions of curing
 u - a potion of lignification
 x - 3 potions of might
 z - a potion of haste
 C - a potion of invisibility
 N - 2 potions of cancellation


   Skills:
 - Level 3.0 Fighting
 + Level 16.9 Axes
 - Level 1.7 Armour
 - Level 1.7 Dodging


You had 11 spell levels left.
You didn't know any spells.
Your spell library contained the following spells:

 Spells                   Type           Power        Failure   Level
 Animate Skeleton         Necr           0%           47%         1
 Apportation              Tloc           0%           47%         1
 Beastly Appendage        Tmut           0%           47%         1
 Corona                   Hex            0%           47%         1
 Sandblast                Erth           0%           47%         1
 Summon Small Mammal      Summ           0%           47%         1
 Call Imp                 Summ           0%           63%         2
 Ensorcelled Hibernation  Hex/Ice        0%           63%         2
 Passwall                 Tmut/Erth      0%           63%         2
 Poisonous Vapours        Pois/Air       0%           63%         2
 Wereblood                Tmut           0%           63%         2
 Call Canine Familiar     Summ           0%           85%         3
 Confusing Touch          Hex            0%           85%         3
 Conjure Flame            Conj/Fire      0%           85%         3
 Dazzling Flash           Conj/Hex       0%           85%         3
 Mephitic Cloud           Conj/Pois/Air  0%           85%         3
 Spider Form              Tmut/Pois      0%           85%         3
 Stone Arrow              Conj/Erth      0%           85%         3
 Summon Guardian Golem    Hex/Summ       0%           85%         3
 Tukima's Dance           Hex            0%           85%         3
 Ice Form                 Ice/Tmut       0%           99%         4
 Petrify                  Tmut/Erth      0%           99%         4
 Summon Ice Beast         Ice/Summ       0%           99%         4
 Summon Lightning Spire   Summ/Air       0%           99%         4
 Blade Hands              Tmut           0%           100%        5
 Lee's Rapid Deconstruct  Erth           0%           100%        5
 Freezing Cloud           Conj/Ice/Air   0%           100%        6


Dungeon Overview and Level Annotations

Branches:
Dungeon (11/15)            Temple (1/1) D:7            Lair (3/6) D:8
  Snake (0/4) Lair:2          Orc (0/2) D:11
  Swamp: Lair:2-4    Shoals: Lair:2-4

Altars:
Ashenzari
Cheibriados
Dithmenos
Elyvilon
Fedhas
Gozag
Hepliaklqana
Kikubaaqudgha
Makhleb
Nemelex Xobeh
Okawaru
Qazlal
Ru
Sif Muna
Trog
Uskayaw
Vehumet
Wu Jian
Xom
Yredelemnul
Zin
The Shining One

Shops:
D:5 [   D:6 *

Portals:
Trove: D:10 (give +5 demon trident)


Innate Abilities, Weirdness & Mutations

You have very sharp fingernails.
You have a somewhat thin skeletal structure. (Dex +2, Stealth)
When hurt, damage is shared between your health and your magic reserves.
You regenerate magic rapidly.


Message History

The bullfrog is heavily wounded.
You slash the komodo dragon!
You feel sick.
You slash the bullfrog!
You kill the bullfrog!
Trog accepts your kill.
You slash the komodo dragon!
You feel sick. The komodo dragon closely misses you.
You slash the komodo dragon!
The komodo dragon is severely wounded.
You feel sick.
You slash the komodo dragon!
You kill the komodo dragon!
Trog accepts your kill.
You feel sick.
You have reached level 12!
Your experience leads to an increase in your attributes!
Increase (S)trength, (I)ntelligence, or (D)exterity?
You feel clever.
You feel stronger.
Your demonic ancestry asserts itself...
Your bones become slightly less dense.
Are you sure you want to abandon this character and quit the game? (Confirm with "yes".)

###*,,,,,,,,,,,,,,,,,,*,,,,,,,,,,
#P#,,#*,*,**,**,***,,,,,,,,,,,,,,
..##.#..#*********,,*,∩,*,,**,,**
.#.......* *,,,,,,,,,**,,**
#.##.##.** **,,,*,******,**
..#,*#*** *,,,.,******,** #.####
*,,.#,,*,,*,,** #.##.##
###*##.#,,,,,^,,** #...<.#
#######@##...#.*,**,,***
####)#####....#†#†......**,,,**
#≈≈≈.)≈≈##.......$......*,,,,,*
P..P.PP≈♣###P#.b........,,,,,,*
♣P♣♣.♣♣P≈###*#..........,,,*,,**
≈P♣...♣.≈#.###..........*,,,,*,*
....>....†...#.......P..***,*****
≈≈♣...♣.≈##.............*,,,****,
≈≈♣♣.♣♣≈≈#..##.##.......,**,,,*,*


There were no monsters in sight!

Vanquished Creatures
  2 two-headed ogres
  3 cyclopes (D:11)
  2 centaur zombies
  2 black mambas
  4 cane toads
  A kobold demonologist (D:11)
  5 komodo dragons
  A meliai zombie (D:11)
  3 yaks (Lair:1)
  Sigmund (D:4)
  A wyvern (D:10)
  5 wraiths (D:11)
  4 wargs (D:11)
  Menkaure (D:4)
  A soldier ant (D:10)
  3 water moccasins
  2 orc warriors
  An ice beast (D:8)
  2 sky beasts
  3 black bears
  A necrophage (D:10)
  2 ogres
  10 wolves
  2 centaurs
  2 phantoms
  2 big kobolds (D:10)
  9 bullfrogs
  A gnoll sergeant (D:10)
  A water moccasin skeleton (D:5)
  2 scorpions
  5 killer bees (D:11)
  8 wights
  2 electric eels (Lair:1)
  A howler monkey (D:10)
  A bullfrog zombie (D:5)
  2 hounds
  2 jellies
  A centaur skeleton (D:8)
  3 orc priests
  A bullfrog skeleton (D:11)
  A gnoll shaman (D:5)
  2 iguanas
  6 orc wizards
  6 worker ants
  A killer bee zombie (D:7)
  A hound skeleton (D:5)
  2 hound zombies
  Robin (D:3)
  A worker ant zombie (D:9)
  14 adders
  14 gnolls
  2 shadow imps
  A white imp (D:10)
  An ufetubus (D:5)
  An ooze (D:3)
  An adder zombie (D:7)
  6 worms
  A dart slug (D:1)
  3 leopard geckos
  27 orcs
  5 giant cockroaches
  13 goblins
  8 hobgoblins
  18 jackals
  4 quokkas
  3 ball pythons
  A ball python skeleton (D:4)
  10 bats
  7 frilled lizards
  A jackal skeleton (D:5)
  16 kobolds
  A leopard gecko skeleton (D:4)
  A quokka skeleton (D:7)
  14 rats
299 creatures vanquished.

Vanquished Creatures (collateral kills)
  Josephine (D:11)
  A hydra (D:8)
  Sonja (D:11)
  A wraith (D:11)
  3 nagas (Lair:2)
7 creatures vanquished.

Vanquished Creatures (others)
  7 fungi
  9 plants
16 creatures vanquished.

Grand Total: 322 creatures vanquished

Notes
Turn   | Place    | Note
-------+----------+-------------------------------------------
     0 | D:1      | knot the Demonspawn Berserker began the quest for the Orb.
     0 | D:1      | Reached XP level 1. HP: 18/18 MP: 1/1
    43 | D:1      | Reached skill level 3 in Axes
   240 | D:1      | Gained mutation: You have sharp fingernails. [demonic
                  | ancestry]
   240 | D:1      | Reached XP level 2. HP: 16/24 MP: 2/2
   961 | D:2      | Reached skill level 4 in Axes
   961 | D:2      | Gained mutation: You regenerate magic rapidly. [demonic
                  | ancestry]
   961 | D:2      | Reached XP level 3. HP: 20/29 MP: 3/3
  1613 | D:2      | Reached ** piety under Trog
  2018 | D:2      | Reached XP level 4. HP: 17/35 MP: 4/4
  2802 | D:2      | Found a bloodstained altar of Trog.
  2924 | D:2      | Found an ornate altar of the Wu Jian Council.
  3413 | D:3      | Reached skill level 5 in Axes
  3624 | D:3      | Found a broken altar of Ashenzari.
  3663 | D:3      | Identified the cursed -4 helmet of Amorality {*Contam rC+
                  | rN+ Int+2}
  3663 | D:3      | Noticed Robin
  3677 | D:3      | Killed Robin
  3678 | D:3      | Reached XP level 5. HP: 37/41 MP: 5/5
  4414 | D:4      | Noticed Sigmund
  4426 | D:4      | Killed Sigmund
  4427 | D:4      | Reached skill level 6 in Axes
  4427 | D:4      | Reached XP level 6. HP: 47/47 MP: 6/6
  5382 | D:4      | Noticed Menkaure
  5392 | D:4      | Killed Menkaure
  5393 | D:4      | Reached skill level 7 in Axes
  5736 | D:5      | Entered Level 5 of the Dungeon
  5749 | D:5      | Reached XP level 7. HP: 50/52 MP: 7/7
  5759 | D:5      | Reached *** piety under Trog
  6655 | D:5      | Found Gaoll's Armour Shop.
  6746 | D:5      | Reached skill level 8 in Axes
  7157 | D:5      | Found a glowing golden altar of the Shining One.
  7948 | D:6      | Found an opulent altar of Gozag.
  7953 | D:6      | Found Gozag's Platinum Reserve.
  8111 | D:6      | Reached skill level 9 in Axes
  8111 | D:6      | Reached XP level 8. HP: 47/58 MP: 8/8
  8817 | D:7      | Reached skill level 10 in Axes
  9365 | D:7      | Reached **** piety under Trog
  9797 | D:7      | Found a staircase to the Ecumenical Temple.
  9954 | Temple   | Entered the Ecumenical Temple
 10439 | D:8      | Reached skill level 11 in Axes
 10439 | D:8      | Gained mutation: You have very sharp fingernails. [demonic
                  | ancestry]
 10439 | D:8      | Reached XP level 9. HP: 60/63 MP: 9/9
 10730 | D:8      | Noticed a +0 dagger
 10731 | D:8      | Found a hide-covered altar of Uskayaw.
 10731 | D:8      | Noticed a +0 hand axe
 10787 | D:8      | Found a burning altar of Makhleb.
 11009 | D:8      | Found a staircase to the Lair.
 11479 | D:8      | Noticed a two-headed ogre
 11486 | D:8      | Killed a two-headed ogre
 11487 | D:8      | Reached skill level 12 in Axes
 11589 | D:8      | Got a glittering copper ring
 12186 | D:9      | Noticed a two-headed ogre
 12193 | D:9      | Killed a two-headed ogre
 12442 | D:9      | Reached skill level 13 in Axes
 12445 | D:9      | Gained mutation: When hurt, damage is shared between your
                  | health and your magic reserves. [demonic ancestry]
 12445 | D:9      | Reached XP level 10. HP: 67/70 MP: 10/10
 12504 | D:10     | Entered Level 10 of the Dungeon
 12985 | D:10     | Identified the ring of the Cockatrice {+Inv rF+ AC+4} (You
                  | found it on level 8 of the Dungeon)
 13241 | D:10     | Found a portal to a secret trove of treasure.
 13824 | D:10     | Reached ***** piety under Trog
 13945 | D:11     | Noticed a cyclops
 13957 | D:11     | Killed a cyclops
 13958 | D:11     | Reached skill level 14 in Axes
 14166 | D:11     | Noticed a cyclops
 14181 | D:11     | Killed a cyclops
 14314 | D:11     | Noticed a cyclops
 14324 | D:11     | Killed a cyclops
 14558 | D:11     | Noticed Josephine
 14563 | D:11     | Killed Josephine
 14564 | D:11     | Reached skill level 15 in Axes
 14564 | D:11     | Reached XP level 11. HP: 75/75 MP: 11/11
 14754 | D:11     | Found a staircase to the Orcish Mines.
 15263 | D:11     | Noticed Sonja
 15268 | D:11     | Killed Sonja
 15524 | Lair:1   | Entered Level 1 of the Lair of Beasts
 15528 | Lair:1   | Noticed a four-headed hydra
 15973 | D:8      | Killed a four-headed hydra
 16139 | D:8      | Found a burning altar of Makhleb.
 16153 | D:8      | Found a hide-covered altar of Uskayaw.
 16593 | D:8      | Found a staircase to the Lair.
 16948 | Lair:1   | Reached skill level 16 in Axes
 19083 | Lair:2   | Found a staircase to the Snake Pit.
 19108 | Lair:2   | You fall into a shaft and drop 1 floor!
 19304 | Lair:2   | Gained mutation: You have a somewhat thin skeletal
                  | structure. (Dex +2, Stealth) [demonic ancestry]
 19304 | Lair:2   | Reached XP level 12. HP: 80/81 MP: 12/12
 19304 | Lair:2   | Quit the game

Illustrated notes

Levels and vault maps discovered:
D:1:      elethiomel_arrival_quiet, layout_rooms, minmay_rat_gold_closets
D:2:      layout_loops_ring, lightli_temple_of_fire, general_overflow_altar
D:3:      layout_basic, nicolae_ashenzari_panopticon, uniq_robin
D:4:      layout_cave_pools, uniq_sigmund, uniq_menkaure
D:5:      layout_cave_pods, lemuel_coloured_pillars_altar, serial_column_ruins,
          column_ruins_square_medium, column_ruins_hut, column_ruins_grid_1,
          column_ruins_grid_3, column_ruins_open_medium,
          column_ruins_columns_straight, serial_shops, kennysheep_mini
D:6:      layout_loops_ring, nicolae_gozag_zags_fifth_avenue,
          minmay_misc_feat_enclosed, dk_vineyard_1
D:7:      layout_rooms, temple_doors_ab, serial_glass, glass_columns_b,
          glass_columns_b
D:8:      layout_cave_pods, kennysheep_mini_moat, dancing_weapons_uskayaw,
          grunt_lair_entry_orc_guard_hut, serial_rivers,
          chequers_serial_rivers_small_3, chequers_serial_rivers_micro_d,
          chequers_serial_rivers_micro_e, chequers_serial_rivers_micro_b,
          chequers_serial_rivers_micro_c, chequers_serial_rivers_large_b
D:9:      layout_loops_ring, special_room [special_room_orc], st_stairs_6
D:10:     layout_small_grid, nicolae_trove_entry_free_sample,
          kennysheep_generic_room_5
D:11:     layout_gridville, minmay_orc_entry_guard_dogs, uniq_josephine,
          uniq_sonja
Temple:   eino_wide_crystal_templ
Lair:1:   layout_layer_cave, dpeg_stationary_puzzle
Lair:2:   layout_loops_ring, guppyfry_snake_entry_garden,
          portal_ice_cave_entry_pillars_1, wad_woods_02, lemuel_fruit_fields
Lair:3:   gammafunk_indiana_jones, layout_small_grid, skrybe_swamp_entry_bodies,
          minmay_another_anthill

Skill      XL: |  1  2  3  4  5  6  7  8  9 10 11 |
---------------+----------------------------------+-----
Axes           | 3 4 5 6 7 9 11 13 15 16 | 16.9
Fighting       | |  3.0
Armour         | |  1.7
Dodging        | |  1.7

Action                   |  1- 3 |  4- 6 |  7- 9 | 10-12 || total
-------------------------+-------+-------+-------+-------++-------
Melee: Hand axe          |   121 |   237 |   131 |       ||   489
       War axe           |       |       |   153 |   371 ||   524
       Flail             |       |       |       |     8 ||     8
Throw: Stone             |       |       |     6 |    15 ||    21
Invok: Berserk           |     4 |     4 |     8 |    24 ||    40
       Trog's Hand       |       |     1 |       |     1 ||     2
       Brothers in Arms  |       |       |       |     6 ||     6
Evoke: Wand              |       |       |    14 |    15 ||    29
  Use: Scroll            |       |       |    14 |    14 ||    28
       Potion            |       |       |       |     1 ||     1
 Stab: Sleeping          |     8 |       |       |     1 ||     9
       Distracted        |       |       |       |     1 ||     1
Armor: Animal skin       |    32 |       |       |       ||    32
       Scale mail        |       |    83 |    67 |       ||   150
       Ring mail         |       |       |     5 |   127 ||   132
Dodge: Dodged            |   101 |    99 |   127 |   181 ||   508

Table legend: (Time is in decaauts)
 A = Elapsed time spent in this place.
 B = Non-inter-level travel time spent in this place.
 C = Inter-level travel time spent in this place.
 D = Time resting spent in this place.
 E = Time spent auto-exploring this place.
 F = Levels seen in this place.
 G = Mean time per level.
                   A        B        C        D        E       F      G
               +--------+--------+--------+--------+--------+-----+--------+
         Total |  19702 |  18901 |    801 |   7217 |   9576 |  15 | 1313.5 |
       Dungeon |  17083 |  16344 |    739 |   5713 |   8772 |  11 | 1553.0 |
        Temple |     73 |     50 |     23 |      0 |     50 |   1 |   73.0 |
          Lair |   2545 |   2507 |     38 |   1503 |    754 |   3 |  848.3 |
               +--------+--------+--------+--------+--------+-----+--------+

Top non-repeatable levels by time:
     D:8: 3056 daAuts
  Lair:1: 2323 daAuts
     D:5: 2221 daAuts
     D:2: 2077 daAuts
     D:3: 1658 daAuts
    D:11: 1570 daAuts
    D:10: 1315 daAuts
     D:4: 1201 daAuts
     D:7: 1076 daAuts
     D:6: 1038 daAuts
     D:9: 936 daAuts
     D:1: 929 daAuts
  Lair:2: 214 daAuts
  Temple: 73 daAuts
  Lair:3: 7 daAuts
